cohdb
Replays
Latest Replays
All Replays
Popular Replays
Top Player Replays
Match Explorer
How It Works
Community
CoH3 Stats
Reddit
Sign in to upload your games and track your stats! →
Sign in with Steam
Match 43927714
Unlisted
Match 43927714
Overview
Messages
Build Orders
End
Construct Section Command Post
Vickers Machine Gun Team
Selects Canadian Shock Battlegroup
Infantry Section
Infantry Section
Grenade Package
Construct Field Infirmary
Selects Attacking Spirit
Selects Canadian Shock Section
Canadian Shock Section
Construct Platoon Command Post
Selects Incendiary Munitions
Unlock M3 Stuart Light Tanks
M3 Stuart Light Tank
Infantry Training
Selects Pyrotechnics
Canadian Shock Section
Construct Company Command Post
Team Weapon Training
Canadian Shock Section
Canadian Shock Section
Selects Churchill Crocodile Heavy Tank
Churchill Crocodile Heavy Tank
Armored Vehicle Training
Selects Point Assault
Unlock Towed 17-pounder Anti-tank Guns
17-pounder Anti-tank Gun Team
Royal Engineer Section
anioki
Crappeur42
Jangbihwan
巴图尔
Θερμόαιμη νεολαία
DMTriBorn2Party
0
0
Comments
sign in to comment!
No comments posted yet!